 Dungeon Crawl Stone Soup version 0.31-a0-185-g9dded2c639 (webtiles) character file.

Game seed: 4219833558548992425

398 qw the Skirmisher (level 6, -4/35 HPs)
             Began as a Deep Elf Hunter on June 22, 2023.
             Slain by a gnoll
             ... wielding a +0 halberd
             ... led by a gnoll bouda
              (5 damage)
             ... on level 4 of the Dungeon.
             The game lasted 00:01:00 (2368 turns).

qw the Skirmisher (Deep Elf Hunter)                 Turns: 2368, Time: 00:01:01

Health: -4/35      AC:  7    Str: 10    XL:     6   Next: 53%
Magic:  8/8        EV:  9    Int: 14    God:
Gold:   295        SH:  0    Dex: 18    Spells: 5/5 levels left

rFire   . . .        Y - +0 shortbow (flame)
rCold   . . .        (shield currently unavailable)
rNeg    + . .        d - +0 scale mail
rPois   .            (no helmet)
rElec   .            (no cloak)
rCorr   .            b - +0 pair of gloves
SInv    .            (no boots)
Will    .....        (no amulet)
Stlth   +            l - ring of positive energy
HPRegen 0.25/turn    (no ring)
MPRegen 0.11/turn

%: no passive effects
@: no status effects
A: no striking features
a: no special abilities


You were on level 4 of the Dungeon.
You visited 1 branch of the dungeon, and saw 4 of its levels.

You collected 295 gold pieces.


   Skills:
 - Level 2.0 Fighting
 + Level 9.8 Ranged Weapons
 - Level 1.4 Armour
 - Level 2.4 Dodging
 - Level 1.2 Stealth


You had 5 spell levels left.
You didn't know any spells.
Your spell library was empty.

Inventory:

Hand Weapons
 Y - a +0 shortbow of flaming (weapon)
Armour
 b - a +0 pair of gloves (worn)
 d - a +0 scale mail (worn)
Jewellery
 l - a ring of positive energy (left hand)
Potions
 a - a potion of curing
 c - a potion of ambrosia {unknown}
 e - a potion of degeneration {unknown}
 g - a potion of enlightenment {unknown}
 h - a potion of haste
 i - a potion of heal wounds
 m - a potion of cancellation {unknown}

Dungeon Overview and Level Annotations

Branches:
Dungeon (4/15)
 Temple: D:4-7

Altars:
Yredelemnul


Message History

The gnoll closely misses you.
You shoot an arrow. The arrow hits the gnoll bouda.
The arrow burns the gnoll bouda.
The gnoll bouda is severely wounded.
The gnoll bouda barely misses you. The gnoll closely misses you.
The gnoll hits you from afar with a +0 halberd.
You shoot an arrow. The arrow hits the gnoll bouda!
The arrow burns the gnoll bouda.
You kill the gnoll bouda!
A gnoll comes into view. It is wielding a +0 halberd.
The gnoll barely misses you. The gnoll hits you but does no damage.
You shoot an arrow. The arrow hits the gnoll.
The arrow burns the gnoll.
The gnoll is heavily wounded.
The gnoll closely misses you.
The gnoll hits you from afar with a +0 halberd.
The gnoll barely misses you.
You shoot an arrow. The arrow hits the gnoll.
The arrow burns the gnoll.
The gnoll is severely wounded.
The gnoll barely misses you. The gnoll closely misses you.
The gnoll hits you with a +0 flail!
The gnoll hits you from afar with a +0 halberd!
2365 ||| DRINKING 2 potions of heal wounds.
You feel much better.
The gnoll hits you from afar with a +0 halberd.
The gnoll closely misses you.
The gnoll hits you from afar with a +0 halberd.
You shoot an arrow. The arrow hits the gnoll.
The arrow burns the gnoll.
You kill the gnoll!
The gnoll barely misses you.
The gnoll hits you from afar with a +0 halberd!
You shoot an arrow. The arrow hits the gnoll.
The arrow burns the gnoll.
The gnoll is moderately wounded.
The gnoll closely misses you.
The gnoll hits you from afar with a +0 halberd.
You shoot an arrow. The arrow hits the gnoll.
The arrow burns the gnoll.
The gnoll is severely wounded.
The gnoll hits you from afar with a +0 halberd!
The gnoll hits you but does no damage.
The gnoll hits you from afar with a +0 halberd.
You die...

.....#..........#
...........##..........#
.PP.8.P.... #..........#
.P.....P.. #####.......
....P.P.. #.......
....PP. #....... #......
#######.
#.#..g)######### #......
....>g)@.......# #.###..
#.#.##########.# #.# #..
#.# #.# #.. #.###.# #..
#.....# #.. ####### #..
###


You could see 2 gnolls.

Vanquished Creatures
  An ogre (D:4)
  A phantom (D:4)
  A scorpion (D:4)
  A jelly (D:4)
  A gnoll bouda (D:4)
  2 gnolls (D:4)
  3 adders
  A worm (D:2)
  A dart slug (D:1)
  An orc (D:4)
  5 bats (D:1)
  8 endoplasms
  6 giant cockroaches
  8 goblins
  4 hobgoblins
  A jackal (D:4)
  6 kobolds
  3 quokkas (D:2)
  5 ball pythons (D:1)
  3 frilled lizards
  4 rats
66 creatures vanquished.

Notes
Turn   | Place    | Note
-------+----------+-------------------------------------------
     0 | D:1      | qw the Deep Elf Hunter began the quest for the Orb.
     0 | D:1      | Reached XP level 1. HP: 12/12 MP: 3/3
     0 | D:1      | 0 ||| qw: Version: 0.3-a-9-g12657ce
     0 | D:1      | 0 ||| qw: Game counter: 1856
     0 | D:1      | 0 ||| qw: Always use a shield: true
     0 | D:1      | 0 ||| qw: God list: Okawaru
     0 | D:1      | 0 ||| qw: Allow faded altars: false
     0 | D:1      | 0 ||| qw: Do Orc after D:15 true
     0 | D:1      | 0 ||| qw: Do second Lair branch before Depths: true
     0 | D:1      | 0 ||| qw: Lair rune preference: random
     0 | D:1      | 0 ||| qw: Plans: Normal
     0 | D:1      | 0 ||| PLANNING D:1-11
    23 | D:1      | Found a faded altar of an unknown god.
    87 | D:1      | Reached XP level 2. HP: 16/16 MP: 4/4
    94 | D:1      | Reached skill level 6 in Ranged Weapons
   202 | D:1      | 202 ||| READING scroll labelled LIHOCI QUIMIHES.
   518 | D:1      | Reached XP level 3. HP: 20/20 MP: 5/5
   581 | D:1      | 581 ||| UPGRADING to +0 scale mail.
   591 | D:1      | 591 ||| DROPPING +0 leather armour.
   592 | D:1      | 592 ||| DROPPING scroll of butterflies.
   856 | D:2      | Reached skill level 7 in Ranged Weapons
  1059 | D:2      | 1059 ||| READING scroll labelled ZARUET CURID.
  1060 | D:2      | 1060 ||| READING scroll labelled BYDIWU WANEOD.
  1061 | D:2      | 1061 ||| READING scroll labelled KOHAX NEUXOUTT.
  1062 | D:2      | 1062 ||| DRINKING 2 grey potions.
  1063 | D:2      | 1063 ||| DRINKING 2 red potions.
  1097 | D:3      | Found a basalt altar of Yredelemnul.
  1195 | D:3      | 1195 ||| READING 3 scrolls of brand weapon.
  1195 | D:3      | 1195 ||| BRANDING +0 shortbow of draining.
  1196 | D:3      | 1196 ||| READING 2 scrolls of brand weapon.
  1196 | D:3      | 1196 ||| BRANDING +0 shortbow of flaming.
  1197 | D:3      | 1197 ||| READING scroll of brand weapon.
  1197 | D:3      | 1197 ||| BRANDING +0 shortbow of draining.
  1231 | D:3      | Reached XP level 4. HP: 22/25 MP: 6/6
  1737 | D:3      | 1737 ||| UPGRADING to +0 pair of gloves.
  1742 | D:3      | 1742 ||| UPGRADING to ring of positive energy.
  1743 | D:3      | 1743 ||| READING scroll labelled SEFIYCENT.
  1782 | D:3      | 1782 ||| READING scroll labelled MENWOC BESIR.
  1783 | D:3      | 1783 ||| DRINKING 2 blue potions.
  1784 | D:3      | 1784 ||| DRINKING 2 glowing emerald potions.
  1785 | D:3      | 1785 ||| DRINKING 2 murky puce potions.
  1786 | D:3      | 1786 ||| DROPPING potion of attraction.
  1787 | D:3      | 1787 ||| DROPPING potion of brilliance.
  1828 | D:4      | Noticed a phantom
  1833 | D:4      | Killed a phantom
  1834 | D:4      | Reached skill level 8 in Ranged Weapons
  1834 | D:4      | Reached XP level 5. HP: 29/29 MP: 7/7
  1853 | D:4      | Noticed an ogre
  1860 | D:4      | Killed an ogre
  1861 | D:4      | Reached skill level 9 in Ranged Weapons
  2040 | D:4      | Reached skill level 1 in Armour
  2040 | D:4      | Reached XP level 6. HP: 28/34 MP: 8/8
  2364 | D:4      | HP: 8/35 [gnoll/+0 halberd[a gnoll bouda] (13)]
  2365 | D:4      | 2365 ||| DRINKING 2 potions of heal wounds.
  2368 | D:4      | HP: 1/35 [gnoll/+0 halberd[a gnoll bouda] (8)]
  2368 | D:4      | Slain by a gnoll

Levels and vault maps discovered:
D:1:      minmay_arrival_solitary_statue, layout_basic,
          ebering_ecumenical_altar_box, serial_bayou_lagoon_a
D:2:      layout_rooms, palyth_stone_intersect, minmay_domino_4
D:3:      layout_loops_ring, mainiacjoe_overflow_concentric_impassable,
          kennysheep_cross_bottleneck
D:4:      minmay_door_path, layout_basic, dreamdust_mushroom_princess,
          chequers_serial_rivers_micro_a

Skill      XL: |  1  2  3  4  5  6 |
---------------+-------------------+-----
Ranged Weapons | 6 7 8 9 |  9.8
Armour         | 1 |  1.4
Fighting       | 2 |  2.0
Dodging        | |  2.4
Stealth        | |  1.2

Action                     |  1- 3 |  4- 6 || total
---------------------------+-------+-------++-------
   Fire: Shortbow          |   124 |    80 ||   204
    Use: Scroll            |     7 |     2 ||     9
         Potion            |     2 |     4 ||     6
 Armour: Leather armour    |     5 |       ||     5
         Scale mail        |     9 |    12 ||    21
  Dodge: Dodged            |    22 |    23 ||    45

Table legend:
 A = Non-vault XP
 B = Vault XP
 C = Vault XP percentage of total XP
 D = Non-vault monster count
 E = Vault monster count
 F = Vault count percentage of total count
                 A         B        C        D         E       F
            +---------+---------+-------+---------+---------+-------
      Total |     475 |      94 |  16.5 |      61 |       5 |   7.6
            +---------+---------+-------+---------+---------+-------
        D:1 |      42 |       0 |   0.0 |      23 |       0 |   0.0
        D:2 |      23 |       3 |  11.5 |      12 |       2 |  14.3
        D:3 |      44 |       0 |   0.0 |      13 |       0 |   0.0
        D:4 |     366 |      91 |  19.9 |      13 |       3 |  18.8
            +---------+---------+-------+---------+---------+-------
